 BcadrenCrawl: Boulder Brew version 0.04.2-3-g40356c7de1 (webtiles) character file.

Game seed: 679754754373435994, levelgen mode: deterministic

48 gruber the Skirmisher (level 3, 33/33 HPs) Immature Draconian Demonspawn. Began on Apr 27, 2021. Quit the game on level 1 of the Dungeon. The game lasted 00:01:26 (302 turns).

gruber the Skirmisher (DrDs)                         Turns: 302, Time: 00:01:27

Health: 33/33      AC:  6    Str: 16    XL:     3 ^: 28
Magic:  5/5        EV: 12    Int: 13    God:
Gold:   63         SH:  0    Dex: 10    Spells: 3/4 levels left

rFire    . . .     Vision   .   a - +0 morningstar
rCold    . . .     Gourm    .   (no weapon)
rNeg     . . .     Faith    .   (armour unavailable)
rPois    .         Spirit   .   (helmet restricted)
rElec    .         Reflect  .   (no cloak)
rCorr    .         Harm     .   (no gloves)
MR       +....                  (no boots)
Stlth    ++........             (no amulet)
HPRegen  0.21/turn              f - ring of protection from magic
MPRegen  0.15/turn              (no ring)

@: no status effects
A: no body armour, unfitting armour, hooves 1, nightstalker 1, cold-blooded, AC
+6
a: Breathe Dart


You were on level 1 of the Dungeon.
You were not hungry.

You visited 1 branch of the dungeon, and saw 1 of its levels.

You collected 63 gold pieces.

Inventory:

Weapons
 a - a +0 morningstar (weapon)
Jewellery
 f - a ring of protection from magic (left hand)
Scrolls
 b - a scroll of teleportation
 d - a scroll of fear
 h - a scroll of magic mapping
Potions
 e - a potion of agility
 g - a potion of magic
Comestibles
 c - 3 rations


   Skills:
 + Level 3.9 Fighting
 - Level 1.5 Maces & Staves
 - Level 2.4 Dodging
 - Level 1.3 Stealth
 - Level 1.3 Spellcasting
 - Level 1.5 Fire Magic
   Level 3.0 Invocations


You had 3 spell levels left.
You knew the following spells:

 Your Spells              Type           Power        Failure   Level  Hunger
a - Flame Tongue          Fire           4 (30)       14%         1    ##.....

Your spell library contained the following spells:

 Spells                   Type           Power        Failure   Level  Hunger
 Blink                    Tloc           N/A          38%         2    ###....
 Call Imp                 Summ           0 (100)      38%         2    ###....
 Slow                     Hex            0 (100)      38%         2    ###....
 Conjure Flame            Fire           4 (100)      41%         3    ####...
 Mephitic Cloud           Pois/Air       0 (100)      63%         3    ####...


Dungeon Overview and Level Annotations

Branches:
Dungeon (1/8)

Altars:


Innate Abilities, Weirdness & Mutations

You cannot fit into any form of body armour.
Your plain brown scales are resilient. (AC +6)
You can breathe rudimentary magical darts.
You have large cloven feet.
You are slightly more attuned to the shadows.
You are cold-blooded and may be slowed by cold attacks.


Message History

There are monsters nearby!
The kobold closely misses you (0).
You thump the kobold (13)!
You kill the kobold!
The kobold closely misses you (0). The kobold hits you but does no damage.
You thump the kobold (10)!
You kill the kobold!
No target in view!
No target in view!
No target in view!
No target in view!
No target in view!
No target in view!
No target in view!
No target in view!
No target in view!
No target in view!
No target in view!
No target in view!
Are you sure you want to abandon this character and quit the game? (Confirm with "yes".)

#. ### #. ..# #. .##
### #.####### ..# .P#
#####........ ..######
.....)†...... ##.....#
.#.....@......
##.....##.#.####.######
.#........#.# #.######
.[...# #..#.# ##......#
#.#
##.###.#..#.#..#.####.#
#.# .......#..#.#P.#.#
#.# #.#
##.######...#..#.# #.#
#.# #..........# .#.#
#.# #.####
#########...#..#.#
#.######.....


There were no monsters in sight!

Vanquished Creatures
  A giant cockroach (D:1)
  2 cinder newts (D:1)
  An ooze (D:1)
  2 bats (D:1)
  4 hobgoblins (D:1)
  A ball python (D:1)
  2 goblins (D:1)
  5 kobolds (D:1)
  A rat (D:1)
19 creatures vanquished.

Notes
Turn   | Place    | Note
-------+----------+-------------------------------------------
     0 | D:1      | gruber the Immature Draconian Demonspawn began the quest
                  | for the Orb.
     0 | D:1      | Reached XP level 1. HP: 16/16 MP: 3/3
   115 | D:1      | Gained mutation: You have large cloven feet. [demonic
                  | ancestry]
   115 | D:1      | Reached XP level 2. HP: 25/25 MP: 4/4
   195 | D:1      | Gained mutation: You are slightly more attuned to the
                  | shadows. [demonic ancestry]
   195 | D:1      | Reached XP level 3. HP: 31/31 MP: 5/5
   302 | D:1      | Quit the game

Levels and vault maps discovered:
D:1:      shiori_arrival_elements, layout_basic, serial_aquarium,
          aquarium_bridge_square [aquarium_subvault_window,
          aquarium_subvault_wall, aquarium_subvault_bridge,
          aquarium_subvault_bridge], aquarium_bridge_square
          [aquarium_subvault_bridge, aquarium_subvault_wall,
          aquarium_subvault_window, aquarium_subvault_wall],
          aquarium_window_fake, aquarium_window_2, aquarium_view_2c,
          aquarium_view_2e

Skill      XL: |  1  2 |
---------------+-------+-----
Fighting       | 2 3 |  3.9
Maces & Staves | |  1.5
Dodging        | |  2.4
Stealth        | |  1.3
Spellcasting   | |  1.3
Fire Magic     | |  1.5
Invocations    | |  3.0

Action                   || total
-------------------------++-------
Melee: Morningstar       ||    36
       Unarmed           ||    23
       Tailslap          ||     2
       Kick              ||     1
 Stab: Sleeping          ||     2
Armor: Skin              ||    11
Dodge: Dodged            ||    38
